AoeStats
← ricky102603

Golden Pit

509277160Analyzed
1v1 RM · 7d ago on Sep 26, 2026· 40m 33s· 2 players
Game mode
Random Map
Map size
Tiny (2 player)
Population
200
Speed
Normal
Resources
Standard
Victory
Conquest
Starting age
Dark Age
Ending age
Imperial Age
RankedLock teamsTeams togetherTeam positionsShared explorationLock speedFull tech treeHidden civsTurbo modeCheats
Victory
Defeat
🇹🇼 Ethiopians · Taiwan
970
+16
🇵🇪 Aztecs · Peru
967
-16
RTZ.¶Diver¶
9:35 Loom
11:44 Feudal Age
12:14 Double-Bit Axe
19:52 Castle Age
19:02 Scale Mail Armor
22:06 Eagle Warrior
25:58 Horse Collar
26:13 Gold Mining
27:04 Squires
30:52 Pikeman
35:28 Fervor
34:51 Elite Skirmisher
37:35 Fletching
ricky102603
9:45 Feudal Age
9:41 Loom
14:14 Fletching
23:02 Castle Age
21:48 Horse Collar
21:55 Double-Bit Axe
23:24 Crossbowman
27:05 Bodkin Arrow
27:11 Padded Archer Armor
30:19 Leather Archer Armor
31:22 Forging
31:18 Scale Barding Armor
32:52 Gold Mining
32:53 Stone Mining
34:00 Husbandry
35:25 Iron Casting
36:44 Chain Barding Armor
39:31 Thumb Ring
Connection lost

Rejoining the realm…

Still unreachable

The connection could not be restored.

Session expired

The server has moved on; the page needs a fresh start.